 Dungeon Crawl Stone Soup version 0.30-b1-2-g02819fbbbe (webtiles) character file.

Game seed: 565031104677706461

49131 Ashen the Ogre Mage (level 14, -1/147 (149) HPs)
             Began as an Ogre Ice Elementalist on Jan 18, 2024.
             Was an Elder of Vehumet.
             Killed from afar by Jorgrun (52 damage)
             ... with an iron shot
             ... on level 1 of the Orcish Mines.
             The game lasted 01:12:53 (24277 turns).

Ashen the Ogre Mage (Ogre Ice Elementalist)        Turns: 24277, Time: 01:12:54

HP:   -1/147 (149)  AC: 10    Str: 15    XL:     14   Next: 49%
MP:   32/32         EV: 10    Int: 20    God:    Vehumet [****..]
Gold: 1058          SH:  0    Dex:  9    Spells: 27/42 levels left

rFire   . . .        H - +6 giant spiked club (spect)
rCold   + . .        (shield currently unavailable)
rNeg    . . .        E - +0 swamp dragon scales
rPois   +            (helmet restricted)
rElec   .            w - +1 cloak
rCorr   .            (gloves unavailable)
SInv    +            (boots unavailable)
Will    +....        Z - amulet "Funiec" {RegenMP rPois}
Stlth   +            X - ring of protection from cold
HPRegen 0.44/turn    z - ring of see invisible
MPRegen 0.63/turn

%: no passive effects
@: lightly drained
A: large, unfitting armour, tough skin 1
a: Renounce Religion


You were on level 1 of the Orcish Mines.
You worshipped Vehumet.
Vehumet was greatly pleased with you.
You visited 4 branches of the dungeon, and saw 17 of its levels.
You also visited: Sewer, Ossuary and Bailey.

You collected 1521 gold pieces.
You spent 463 gold pieces at shops.

Inventory:

Hand Weapons
 x - the +9 hammer of the Screaming Traitor {protect, rElec rF+ Stlth-}
   (You found it on level 3 of the Dungeon)

   rF:        It protects you from fire.
   rElec:     It insulates you from electricity.
   Stlth:     It makes you less stealthy.
 H - a +6 spectral giant spiked club (weapon)
Armour
 w - a +1 cloak (worn)
 y - a +2 robe of positive energy
 E - +0 swamp dragon scales (worn)
 O - a +1 robe of willpower
Magical Staves
 Q - the staff of cold "Ilace" {rC+ SInv}
   (You acquired it on level 5 of the Lair of Beasts)

   [staff of cold]

   Base accuracy: +5 Base damage: 5 Base attack delay: 1.2 This weapon's minimum
   attack delay (0.6) is reached at skill level 12.
   rC:        It protects you from cold.
   SInv:      It lets you see invisible.
   It falls into the 'Staves' category.
   It is a one-handed weapon.
Jewellery
 j - a +6 ring of strength
 z - a ring of see invisible (right hand)
 I - a ring of ice
 R - a ring of protection from fire
 S - a ring of protection from fire
 U - a +5 ring of evasion
 V - a +4 ring of protection
 W - a ring of poison resistance
 X - a ring of protection from cold (left hand)
 Z - the amulet "Funiec" (around neck) {RegenMP rPois}
   (You acquired it on level 1 of the Orcish Mines)

   [amulet of magic regeneration]

   It increases your rate of magic regeneration.
   rPois:     It protects you from poison.
Wands
 m - a wand of flame (15)
 u - a wand of polymorph (19)
 C - a wand of iceblast (4)
 F - a wand of charming (15)
 K - a wand of mindburst (22)
Scrolls
 d - a scroll of summoning
 f - 4 scrolls of fear
 h - a scroll of noise
 k - 11 scrolls of teleportation
 l - 4 scrolls of magic mapping
 p - 3 scrolls of enchant armour
 r - a scroll of blinking
 t - 3 scrolls of amnesia
 A - 3 scrolls of poison
 B - 4 scrolls of vulnerability
 D - 2 scrolls of immolation
 L - 3 scrolls of fog
 P - a scroll of torment
 T - a scroll of brand weapon
 Y - a scroll of identify
Potions
 a - 3 potions of mutation
 b - 2 potions of flight
 c - 2 potions of might
 e - 2 potions of resistance
 g - 7 potions of curing
 i - 2 potions of ambrosia
 n - 5 potions of invisibility
 o - a potion of heal wounds
 q - 3 potions of lignification
 s - 4 potions of brilliance
 v - 5 potions of attraction
 G - 6 potions of haste
 J - a potion of berserk rage {unknown}
 M - a potion of cancellation {unknown}
 N - 3 potions of magic


   Skills:
 + Level 12.2 Fighting
 + Level 8.5 Maces & Flails
 + Level 9.0 Dodging
 - Level 3.0 Stealth
 * Level 14.5 Spellcasting
 * Level 2.9 Conjurations
 * Level 12.7 Ice Magic


You had 27 spell levels left.
You knew the following spells:

 Your Spells              Type           Power      Damage    Failure   Level
a - Freeze                Ice            100%       1d10      1%          1
b - Frozen Ramparts       Ice            100%       1d16      1%          3
c - Ozocubu's Armour      Ice            60%        N/A       1%          3
d - Summon Ice Beast      Ice/Summ       40%        N/A       6%          4
e - Iskenderun's Mystic   Conj/Tloc      20%        2d6       13%         4

Your spell library contained the following spells:

 Spells                   Type           Power      Damage    Failure   Level
 Irradiate                Conj/Tmut      10%        3d15      32%         5
 Ensorcelled Hibernation  Hex/Ice        80%        N/A       1%          2
 Sandblast                Erth           28%        2d8       2%          1
 Scorch                   Fire           28%        2d6       3%          2
 Dazzling Flash           Conj/Hex       40%        N/A       4%          3
 Stone Arrow              Conj/Erth      40%        3d9       4%          3
 Ice Form                 Ice/Tmut       40%        N/A       6%          4
 Slow                     Hex            56%        N/A       9%          1
 Blink                    Tloc           28%        N/A       13%         2
 Passwall                 Tmut/Erth      11%        N/A       13%         2
 Flame Wave               Conj/Fire      20%        2d7       13%         4
 Olgreb's Toxic Radiance  Pois           14%        N/A       22%         4
 Confusing Touch          Hex            14%        N/A       26%         3
 Portal Projectile        Hex/Tloc       28%        N/A       26%         3
 Swiftness                Air            14%        N/A       26%         3
 Tukima's Dance           Hex            14%        N/A       26%         3
 Vampiric Draining        Necr           14%        2d7       26%         3
 Manifold Assault         Tloc           14%        N/A       65%         4
 Agony                    Necr           14%        N/A       94%         5
 Blade Hands              Tmut           7%         N/A       94%         5
 Silence                  Hex/Air        7%         N/A       94%         5
 Dispersal                Tloc           7%         N/A       100%        6
 Summon Cactus Giant      Summ           7%         N/A       100%        6
 Storm Form               Tmut/Air       7%         N/A       100%        7
 Discord                  Hex            7%         N/A       100%        8
 Disjunction              Tloc           7%         N/A       100%        8
 Ignition                 Fire           7%         3d4       100%        8


Dungeon Overview and Level Annotations

Branches:
Dungeon (10/15)            Temple (1/1) D:4            Lair (5/5) D:10
  Swamp (0/4) Lair:2       Spider (0/4) Lair:3        Slime (0/5) Lair:5
    Orc (1/2) D:9           Sewer (visited)         Ossuary (visited)
 Bailey (visited)

Altars:
Ashenzari
Cheibriados
Dithmenos
Elyvilon
Fedhas
Gozag
Hepliaklqana
Kikubaaqudgha
Makhleb
Nemelex Xobeh
Okawaru
Qazlal
Ru
Sif Muna
Trog
Uskayaw
Vehumet
Wu Jian
Xom
Yredelemnul
Zin
The Shining One
Jiyva

Shops:
D:4 ?=   D:5 ?   D:7 *   D:8 ([[*   D:9 [

Annotations:
D:9 3 runed translucent doors, xelsha's ghost, novice GnAE
Lair:3 Gastronok
Lair:5 exclusion: 2 doors
Orc:1 3 runed translucent doors, Jorgrun; Maimakterion's ghost, journeyman GrFi


Innate Abilities, Weirdness & Mutations

You are too large for most types of armour.
You have tough skin. (AC +1)


Message History

The orc warrior hits you but does no damage.
You are too injured to fight recklessly!
You are too injured to fight recklessly!
You hit the orc warrior.
The orc warrior is heavily wounded.
Your +6 spectral giant spiked club closely misses the orc warrior.
The orc warrior hits you with a +0 trident.
Jorgrun points at you and mumbles some strange words.
Roots burst forth from the earth!
The grasping roots grab you! The grasping roots constrict you.
The orc knight roars a battlecry!
The orcs go into a battle-frenzy!
You hear a shout!
Press: ? - help, v - describe, . - travel
Here: Jorgrun, wielding a staff of earth and wearing a +0 robe The floor.
Okay, then.
Press: ? - help, v - describe, . - travel
Here: Jorgrun, wielding a staff of earth and wearing a +0 robe The floor.
Unknown command.
You bludgeon the orc warrior!!
You kill the orc warrior!
Vehumet accepts your kill.
Your +6 spectral giant spiked club disappears.
The grasping roots constrict you!
Okay, then.
Press: ? - help, v - describe, . - travel
Here: Jorgrun, wielding a staff of earth and wearing a +0 robe The floor.
Aiming: Polymorph
Press: ? - help, Shift-Dir - straight line, f - Jorgrun
Aim: Jorgrun, wielding a staff of earth and wearing a +0 robe (will become a black draconian, a dire elephant, or a red draconian, chance to affect: 0%)
Okay, then.
Unknown command.
You escape the roots grasp.
Jorgrun casts a spell at you. The iron shot hits you!!!
You die...

###...# ##............
##....## #.....o......
#.....## ###............
##.....# ##..............
###....# ##.......o.....>.
.#....#### #....#..........^
.....#.#.###...##.).........
............#...#...........
.............).#@)........#.
...........................
..................g......
.........#..#)..†........
............#...#........
.....#...#.###.###.......
...........##### #......
............# ...#.
...........## ....


You could see Jorgrun, an orc knight and an orc (strong).

Vanquished Creatures
  An orc warlord (Orc:1)
  A hydra (Lair:2)
  Fannar (Orc:1)
  An anaconda (Lair:4)
  9 death yaks
  A skyshark (Lair:5)
  2 bog bodies (Lair:2)
  3 orc knights
  A manticore (D:9)
  11 black mambas
  A dire elephant zombie (Lair:5)
  An unseen horror (D:10)
  12 cane toads
  5 rime drakes
  5 komodo dragons
  2 polar bears
  4 trolls
  Grinder (D:6)
  A spectral elephant (Lair:5)
  12 blink frogs
  6 dream sheep (Lair:3)
  Sigmund (D:2)
  6 spriggans (Lair:4)
  2 wyverns
  57 yaks
  A wraith (D:9)
  3 basilisks
  2 redbacks (Lair:3)
  Menkaure (D:4)
  5 wargs
  25 water moccasins
  Duvessa (D:4)
  15 orc warriors
  A sky beast (D:6)
  A black bear (D:4)
  An elephant zombie (Lair:5)
  2 ogres
  2 ice beasts
  19 wolves
  An elephant skeleton (Lair:5)
  5 centaurs
  2 kobold brigands
  2 phantoms
  Blork the orc (D:4)
  2 gnoll sergeants
  14 bullfrogs
  3 scorpions
  14 wights
  5 killer bees (D:10)
  2 elephant simulacra (Lair:5)
  Dowan (D:4)
  3 howler monkeys
  3 bullfrog zombies (Ossuary)
  3 centaur zombies (Ossuary)
  4 hounds
  3 jellies (D:5)
  10 orc priests
  Crazy Yiuf (D:3)
  6 iguanas
  Terence (D:3)
  A sleepcap (D:5)
  2 scorpion zombies (Ossuary)
  Natasha (thrice) (D:2)
  8 orc wizards
  A statue (D:10)
  14 gnolls
  16 adders
  An ufetubus (D:4)
  2 adder zombies (Ossuary)
  2 worms (D:3)
  A dart slug (D:1)
  55 orcs
  15 ball pythons
  14 endoplasms
  13 giant cockroaches
  9 goblins
  6 hobgoblins
  6 jackals (D:1)
  14 kobolds
  14 quokkas
  5 bats
  12 frilled lizards
  4 gnoll zombies (Ossuary)
  2 goblin zombies (Ossuary)
  6 hobgoblin zombies (Ossuary)
  3 orc zombies (Ossuary)
  2 quokka zombies (D:7)
  9 rats
552 creatures vanquished.

Vanquished Creatures (collateral kills)
  A blink frog (Lair:5)
  4 dream sheep (Lair:5)
  2 orcs (Bailey)
7 creatures vanquished.

Vanquished Creatures (others)
  An orc wizard (Orc:1)
  33 fungi
  37 plants
  A spectral weapon (Orc:1)
  31 withered plants (Lair:5)
103 creatures vanquished.

Grand Total: 662 creatures vanquished

Notes
Turn   | Place    | Note
-------+----------+-------------------------------------------
     0 | D:1      | Ashen the Ogre Ice Elementalist began the quest for the
                  | Orb.
     0 | D:1      | Reached XP level 1. HP: 16/16 MP: 3/3
   196 | D:1      | Reached XP level 2. HP: 26/26 MP: 3/5
   413 | D:1      | Reached skill level 3 in Spellcasting
   413 | D:1      | Reached XP level 3. HP: 27/32 MP: 0/7
   414 | D:1      | Reached skill level 1 in Fighting
   602 | D:1      | Learned a level 3 spell: Frozen Ramparts
   606 | D:1      | Learned a level 3 spell: Ozocubu's Armour
  1343 | D:2      | Noticed Sigmund
  1354 | D:2      | Killed Sigmund
  1355 | D:2      | Reached skill level 1 in Maces & Flails
  1355 | D:2      | Reached skill level 4 in Spellcasting
  1355 | D:2      | Reached XP level 4. HP: 23/42 MP: 0/10
  1355 | D:2      | Reached XP level 5. HP: 26/49 MP: 0/11
  1461 | D:2      | Found a glowing golden altar of the Shining One.
  1624 | D:2      | Noticed Natasha
  1628 | D:2      | Killed Natasha
  1629 | D:2      | Reached XP level 6. HP: 57/57 MP: 9/12
  1730 | D:2      | Noticed Natasha
  1734 | D:2      | Killed Natasha
  2065 | D:2      | Found a glowing golden altar of the Shining One.
  2123 | D:2      | Noticed Natasha
  2143 | D:2      | Killed Natasha
  2159 | D:3      | Found a sacrificial altar of Ru.
  2272 | D:3      | Found a glowing drain.
  2461 | Sewer    | Entered a sewer
  2912 | Sewer    | Reached XP level 7. HP: 40/66 MP: 6/13
  3014 | Sewer    | Reached skill level 5 in Ice Magic
  3261 | D:3      | Noticed Terence
  3278 | D:3      | Killed Terence
  3623 | D:3      | Found a runed translucent door.
  3624 | D:3      | Noticed Crazy Yiuf
  3631 | D:3      | Killed Crazy Yiuf
  3632 | D:3      | Reached skill level 5 in Spellcasting
  3638 | D:3      | Identified the +9 hammer of the Screaming Traitor {protect,
                  | rElec rF+ Stlth-}
  3735 | D:4      | Noticed Blork the orc
  3753 | D:4      | Killed Blork the orc
  4070 | D:4      | Found Cuimp's Jewellery Emporium.
  4084 | D:4      | Bought a ring of see invisible for 180 gold pieces
  4132 | D:4      | Noticed Menkaure
  4132 | D:4      | Noticed Duvessa
  4132 | D:4      | Noticed Dowan
  4154 | D:4      | Killed Duvessa
  4158 | D:4      | Killed Menkaure
  4159 | D:4      | Reached XP level 8. HP: 45/78 MP: 6/16
  4163 | D:4      | Killed Dowan
  4406 | D:4      | Found a blossoming altar of Fedhas.
  4463 | D:4      | Found a staircase to the Ecumenical Temple.
  4471 | Temple   | Entered the Ecumenical Temple
  4947 | D:5      | Entered Level 5 of the Dungeon
  4956 | D:5      | Reached skill level 6 in Spellcasting
  5130 | D:5      | Found Utomm's Magic Scroll Emporium.
  5137 | D:5      | Bought a scroll of magic mapping for 97 gold pieces
  5374 | D:5      | Reached skill level 5 in Fighting
  5374 | D:5      | Reached XP level 9. HP: 72/88 MP: 7/19
  5545 | D:5      | Found a shimmering blue altar of Sif Muna.
  5553 | D:5      | Found an iron altar of Okawaru.
  5609 | D:5      | Reached skill level 7 in Spellcasting
  6359 | D:6      | Found a glowing silver altar of Zin.
  6415 | D:6      | Found a snail-covered altar of Cheibriados.
  6702 | D:6      | Noticed Maggie
  6705 | D:6      | Maggie changed into Maggie the frilled lizard
  6705 | D:6      | Noticed Maggie
  6708 | D:6      | Killed Maggie the frilled lizard
  6732 | D:6      | Learned a level 4 spell: Summon Ice Beast
  6932 | D:6      | Noticed Grinder
  6934 | D:6      | Paralysed by Grinder for 4 turns
  6950 | D:6      | Killed Grinder
  6951 | D:6      | Reached skill level 8 in Spellcasting
  7290 | D:7      | Reached XP level 10. HP: 85/100 MP: 22/22
  7344 | D:7      | Found a sand-covered staircase.
  7351 | Ossuary  | Entered an ossuary
  7417 | Ossuary  | Reached skill level 5 in Dodging
  7663 | D:7      | Found Owoutt's Assorted Antiques.
  7671 | D:7      | Bought a scroll labelled VOLOMU ALOKHLI for 27 gold pieces
  7671 | D:7      | Bought a scroll labelled WESAOSH ICEA for 27 gold pieces
  7671 | D:7      | Bought a blackened lead wand for 108 gold pieces
  7671 | D:7      | Bought a white potion for 24 gold pieces
  8704 | D:8      | Found Oseazivof's Antique Armour Shop.
  8705 | D:8      | Found Danoygof's Assorted Antiques.
  8804 | D:8      | Found Beuzytab's Antique Armour Emporium.
  8810 | D:8      | Found Guvuong's Weapon Emporium.
  8873 | D:8      | Found a flagged portal.
  8886 | Bailey   | Entered a bailey
  9189 | Bailey   | Noticed an orc knight
  9200 | Bailey   | Killed an orc knight
  9201 | Bailey   | Reached skill level 9 in Spellcasting
 10132 | D:9      | Found a runed translucent gate.
 10132 | D:9      | Found a runed translucent gate.
 10132 | D:9      | Found a runed translucent gate.
 10135 | D:9      | Noticed xelsha's ghost (novice GnAE)
 10138 | D:9      | Found a viscous altar of Jiyva.
 10183 | D:9      | Reached skill level 5 in Maces & Flails
 10429 | D:9      | Reached XP level 11. HP: 99/111 MP: 18/24
 10436 | D:9      | Reached skill level 10 in Spellcasting
 10557 | D:9      | Noticed a manticore
 10566 | D:9      | Killed a manticore
 10740 | D:9      | Found a staircase to the Orcish Mines.
 10740 | D:9      | Found Nuntusikk's Armour Emporium.
 10923 | D:10     | Entered Level 10 of the Dungeon
 10956 | D:10     | Found a staircase to the Lair.
 11386 | D:10     | Found a radiant altar of Vehumet.
 11401 | D:10     | Became a worshipper of Vehumet
 11822 | Lair:1   | Entered Level 1 of the Lair of Beasts
 12321 | Lair:1   | Reached skill level 11 in Spellcasting
 12726 | Lair:1   | Reached XP level 12. HP: 95/123 MP: 16/27
 12891 | Lair:2   | Noticed a five-headed hydra
 12893 | Lair:2   | Reached * piety under Vehumet
 12893 | Lair:2   | Offered knowledge of Shock by Vehumet.
 12894 | Lair:2   | Reached skill level 10 in Ice Magic
 12916 | Lair:2   | Killed a five-headed hydra
 13159 | Lair:2   | Noticed a death yak
 13159 | Lair:2   | Noticed a death yak
 13168 | Lair:2   | Noticed a death yak
 13204 | Lair:1   | Killed a death yak
 13939 | Lair:2   | Reached skill level 10 in Fighting
 13939 | Lair:2   | Reached skill level 12 in Spellcasting
 14093 | Lair:2   | Noticed a death yak
 14136 | Lair:1   | Killed a death yak
 14253 | Lair:2   | Noticed a death yak
 14267 | Lair:1   | Killed a death yak
 14403 | Lair:2   | Found a staircase to the Swamp.
 14722 | Lair:2   | Killed a death yak
 15335 | Lair:2   | Killed a death yak
 15816 | Lair:3   | Reached XP level 13. HP: 127/135 MP: 23/29
 15905 | Lair:3   | Noticed Gastronok
 16003 | Lair:3   | Found a hole to the Spider Nest.
 16119 | Lair:3   | Reached ** piety under Vehumet
 16205 | Lair:3   | Offered knowledge of Momentum Strike by Vehumet.
 16611 | Lair:2   | Found a staircase to the Swamp.
 17217 | Lair:3   | Reached skill level 13 in Spellcasting
 19570 | Lair:5   | Entered Level 5 of the Lair of Beasts
 19712 | Lair:5   | Offered knowledge of Inner Flame by Vehumet.
 20159 | Lair:5   | Acquired the staff of cold "Ilace" {rC+ SInv}
 20381 | Lair:5   | Reached *** piety under Vehumet
 20401 | Lair:5   | Reached skill level 14 in Spellcasting
 20408 | Lair:5   | Reached XP level 14. HP: 38/148 MP: 20/32
 20431 | Lair:5   | Offered knowledge of Iskenderun's Mystic Blast by Vehumet.
 20437 | Lair:5   | Learned a level 4 spell: Iskenderun's Mystic Blast
 21067 | Lair:5   | Reached skill level 1 in Conjurations
 21256 | Lair:5   | Found a viscous altar of Jiyva.
 21256 | Lair:5   | Found a staircase to the Slime Pits.
 21796 | Lair:5   | Noticed a dire elephant
 21797 | Lair:5   | Noticed a dire elephant
 21892 | Lair:5   | Reached **** piety under Vehumet
 22361 | Orc:1    | Entered Level 1 of the Orcish Mines
 22567 | Orc:1    | Offered knowledge of Irradiate by Vehumet.
 22839 | Orc:1    | Noticed Fannar
 23021 | Orc:1    | Killed Fannar
 23185 | Orc:1    | Noticed Maimakterion's ghost (journeyman GrFi)
 23191 | Orc:1    | Found a runed translucent gate.
 23191 | Orc:1    | Found a runed translucent gate.
 23191 | Orc:1    | Found a runed translucent gate.
 23238 | Orc:1    | Acquired the amulet "Funiec" {RegenMP rPois}
 23240 | Orc:1    | Acquired a +6 spectral giant spiked club
 23319 | Orc:1    | Noticed an orc warlord
 24075 | Orc:1    | Killed an orc warlord
 24273 | Orc:1    | Noticed Jorgrun
 24277 | Orc:1    | Killed from afar by Jorgrun

Illustrated notes

Levels and vault maps discovered:
D:1:      co_arrival_square_in_a_square_in_a_square, layout_rooms
D:2:      layout_basic, basic_altar, grunt_ministairs_8, uniq_natasha,
          uniq_sigmund
D:3:      layout_rooms, nicolae_ru_awakened_eye, gup_sewer_entry_spiral,
          mrwooster_statue_mirror, uniq_terence, uniq_crazy_yiuf_cottage
D:4:      layout_basic, mainiacjoe_overflow_six_doors_small,
          minmay_temple_entry_butterflies, serial_shops,
          nicolae_shop_advertising_works [nicolae_subvault_shop_adworks],
          uniq_menkaure, uniq_blork_the_orc, uniq_duvessa
D:5:      layout_cave_pools, mainiacjoe_overflow_large_starburst, serial_shops,
          nicolae_shop_statue_plus, serial_bayou_pond_b
D:6:      layout_basic, jmf_multi_god_temple, uniq_maggie, uniq_grinder
D:7:      layout_layer_cave, serial_shops, shop, enter_ossuary_4
D:8:      layout_layer_cave, serial_shops, nicolae_shop_crystal, shop, shop,
          nicolae_shop_stone, enter_bailey_3
D:9:      layout_irregular_city, orc_david_3, gammafunk_ghost_ooze
D:10:     layout_roguey, vehumet_statue, erik_lair_orcish_takeover
Temple:   nicolae_temple_bog_church
Lair:1:   layout_concentric_octagons
Lair:2:   layout_regular_city, skrybe_swamp_entry_bodies, serial_bayou_shore_b
Lair:3:   layout_hall_layers, spider_nest_entry_webs, grunt_megastairs_2,
          uniq_gastronok
Lair:4:   beast_lair_carwin_large_3, layout_regular_city, minivault_25,
          wad_woods_01, grunt_megastairs_5
Lair:5:   due_jungle_book, layout_loops_ring, slime_entry_1,
          gauntlet_entry_generic
Orc:1:    layout_caves, basic_altar, gammafunk_ghost_split, special_room
          [special_room_orc], uniq_jorgrun, uniq_fannar

Skill      XL: |  1  2  3  4  5  6  7  8  9 10 11 12 13 14 |
---------------+-------------------------------------------+-----
Dodging        | 2 3 4 5 6 7 8 9 |  9.0
Spellcasting   | 3 4 5 6 8 9 11 12 14 | 14.5
Fighting       | 2 3 5 6 7 9 10 11 12 | 12.2
Maces & Flails | 1 2 3 4 5 6 7 8 |  8.5
Stealth        | 2 3 |  3.0
Ice Magic      | 4 5 6 7 8 9 11 12 | 12.7
Conjurations   | 2 |  2.9

Action                     |  1- 3 |  4- 6 |  7- 9 | 10-12 | 13-15 || total
---------------------------+-------+-------+-------+-------+-------++-------
  Melee: Unarmed           |     1 |       |       |     4 |       ||     5
         Mace              |    38 |    39 |   139 |   427 |   383 ||  1026
         Punch             |       |       |       |    10 |     8 ||    18
         Giant spiked club |       |       |       |       |    39 ||    39
         Staff             |       |       |       |       |    24 ||    24
   Cast: Freeze            |    50 |    62 |    90 |    49 |    16 ||   267
         Frozen Ramparts   |       |     3 |    19 |    60 |    51 ||   133
         Ozocubu's Armour  |       |     1 |    18 |    43 |    49 ||   111
         Summon Ice Beast  |       |       |     1 |     8 |    12 ||    21
         Iskenderun's Myst |       |       |       |       |     6 ||     6
  Evoke: Wand              |       |       |    12 |     5 |    15 ||    32
    Use: Potion            |     1 |       |       |     1 |     6 ||     8
         Scroll            |       |       |       |    10 |    24 ||    34
   Stab: Sleeping          |     1 |       |     1 |       |       ||     2
         Distracted        |       |       |       |     1 |     1 ||     2
 Armour: Robe              |    24 |    23 |   104 |       |       ||   151
         Skin              |       |       |     2 |     5 |       ||     7
         Swamp dragon scal |       |       |    27 |   305 |   321 ||   653
  Dodge: Dodged            |    54 |    51 |   128 |   281 |   249 ||   763
